Map: Persephone LE

Players

HeroMarine - Winner!

  • Race: Terran Terran
  • Spawn Location: 11:00

Harstem

  • Race: Protoss Protoss
  • League: Grandmaster
  • Spawn Location: 7:00

Event: HomeStory Cup XXVII

VOD

Have the link to the VOD?

Description

Time

  • Played on: June 28, 2025, 2:18 p.m.
  • Length: 24:22

All games in this series

Show
View Real Time Build Order
Export as new Build Order

HeroMarine Terran - Winner!

Build Orders: Cyclone Opening 

Get SALT Encoding   

  12  0:00  SCV  
  13  0:12  SCV  
  14  0:17  Supply Depot  
  14  0:24  SCV  
  15  0:38  SCV  
  15  0:39  Barracks  
  16  0:42  Refinery  
  16  0:50  SCV  
  17  1:02  SCV  
  18  1:14  SCV  
  19  1:26  Orbital Command  
  20  1:35  Command Center  
  20  1:38  Marine  
  20  1:49  Factory  
  20  1:52  SCV  
  21  1:58  Refinery  
  21  2:04  SCV  
  21  2:07  Barracks Tech Lab  
  22  2:09  Supply Depot  
  22  2:16  SCV  
  23  2:31  SCV  
  23  2:34  Armory  
  24  2:38  Cyclone  
  24  2:43  SCV  
  28  2:47  Barracks Reactor  
  28  2:48  Orbital Command  
  28  2:55  SCV  
  29  3:03  Starport  
  29  3:07  SCV  
  30  3:14  Supply Depot, SCV  
  30  3:17  Widow Mine  
  30  3:19  SCV  
  34  3:24  Drilling Claws, Marine x2  
  36  3:27  SCV  
  36  3:31  SCV  
  38  3:37  Supply Depot  
  38  3:38  Widow Mine  
  38  3:39  SCV  
  41  3:43  SCV  
  41  3:45  Marine, Medivac  
  41  3:46  Marine  
  46  3:51  Refinery, SCV  
  47  3:55  SCV  
  47  4:00  Widow Mine  
  50  4:03  Marine, SCV  
  50  4:04  Marine  
  50  4:07  SCV  
  51  4:11  Supply Depot  
  51  4:15  Starport Tech Lab  
  51  4:16  Barracks, SCV  
  52  4:20  SCV  
  52  4:23  Siege Tank  
  56  4:26  Marine x2  
  56  4:28  SCV  
  59  4:32  SCV  
  59  4:36  Raven, Supply Depot  
  62  4:39  Barracks  
  62  4:40  SCV  
  62  4:44  Marine x2, SCV  
  67  4:52  SCV  
  67  4:56  SCV  
  67  4:57  Siege Tank  
  65  5:02  Marine x2, Engineering Bay  
  65  5:04  SCV  
  65  5:05  Supply Depot  
  68  5:08  SCV  
  68  5:14  Marauder, Stimpack  
  69  5:17  SCV  
  69  5:18  Refinery, Supply Depot  
  69  5:20  SCV  
  73  5:23  Marine x2  
  73  5:27  Starport Reactor  
  75  5:29  SCV  
  75  5:32  SCV  
  77  5:36  Marauder  
  77  5:37  Supply Depot  
  77  5:38  Terran Infantry Weapons Level 1  
  77  5:40  Factory Reactor  
  77  5:41  SCV  
  77  5:42  Marine  
  77  5:43  Marauder  
  77  5:44  Marine, SCV  
  77  5:52  Factory Tech Lab  
  77  5:53  SCV  
  77  5:56  Combat Shield, SCV  
  77  5:57  Marauder  
  77  6:00  Marine  
  77  6:02  Marine  
  83  6:04  Marauder  
  83  6:06  Supply Depot  
  83  6:15  Medivac x2  
  87  6:18  Marine  
  87  6:19  Marauder  
  87  6:20  Marine  
  87  6:23  Factory Reactor  
  93  6:25  Marauder, Command Center  
  93  6:35  Supply Depot  
  93  6:37  Barracks  
  93  6:40  Marauder, Barracks, Marine x2  
  93  6:46  SCV x2  
  101  6:47  Marauder  
  101  6:48  Medivac  
  101  6:51  Medivac  
  101  6:53  Concussive Shells  
  105  6:58  Supply Depot  
  105  7:01  Marauder  
  105  7:04  Marine x2  
  111  7:08  Marauder  
  111  7:10  Widow Mine x2  
  99  7:23  SCV x2  
  99  7:24  Marauder  
  99  7:25  Marauder, Marine x2  
  99  7:28  Medivac x2  
  99  7:29  Marauder  
  113  7:32  Widow Mine  
  113  7:33  Barracks Reactor, Widow Mine  
  113  7:35  SCV x2  
  119  7:44  Marine x2  
  120  7:46  Marauder, Terran Infantry Armor Level 1  
  120  7:47  SCV  
  120  7:48  Marauder, SCV  
  120  7:51  Marauder  
  129  7:59  SCV  
  129  8:00  SCV  
  129  8:02  Orbital Command  
  133  8:06  Marine x2, Widow Mine x2  
  133  8:07  Marauder, Missile Turret  
  133  8:11  Viking  
  141  8:15  Supply Depot  
  141  8:17  Marauder, Viking  
  141  8:19  Marauder  
  147  8:20  Refinery, SCV x2  
  147  8:21  Refinery  
  149  8:36  Bunker, Widow Mine x2  
  149  8:38  Supply Depot x2  
  149  8:39  Engineering Bay  
  157  8:44  Command Center  
  153  8:50  Viking x2  
  153  8:52  Sensor Tower  
  157  8:59  SCV x3  
  157  9:02  Marauder x3  
  156  9:08  Terran Infantry Weapons Level 2  
  156  9:09  Terran Ship Weapons Level 1  
  155  9:14  Missile Turret  
  155  9:18  Barracks  
  155  9:19  Ghost Academy, Barracks  
  155  9:21  Barracks  
  155  9:22  SCV  
  155  9:23  SCV x2  
  157  9:30  Marauder  
  157  9:31  Marauder x2  
  163  9:32  Starport  
  163  9:43  Viking  
  163  9:44  Viking  
  163  9:45  Terran Infantry Armor Level 2  
  167  9:51  Ghost x2  
  173  9:55  Ghost  
  173  9:58  SCV x3  
  179  10:01  Marine x4  
  182  10:14  SCV x2  
  182  10:15  SCV  
  182  10:17  Marine x2  
  182  10:19  Marine x3  
  181  10:27  Viking x2  
  182  10:31  Marauder x2  
  182  10:34  Marauder  
  186  10:41  Viking x2, Barracks Tech Lab, Barracks Reactor  
  186  10:42  Barracks Tech Lab  
  186  10:47  Factory Reactor  
  188  10:52  Marauder, Supply Depot  
  188  10:56  Missile Turret  
  188  10:57  Missile Turret x3  
  188  11:03  Missile Turret, Planetary Fortress  
  188  11:04  Ghost  
  188  11:07  Ghost  
  194  11:14  Sensor Tower  
  194  11:17  Missile Turret  
  194  11:21  Terran Ship Weapons Level 2  
  192  11:27  Viking x2  
  192  11:31  SCV x2  
  192  11:32  Fusion Core, Refinery x2  
  196  11:33  SCV  
  196  11:39  SCV  
  196  11:44  Viking x2  
  197  11:49  Terran Infantry Weapons Level 3  
  197  11:52  Marauder  
  197  11:53  Marauder  
  196  12:12  Marauder  
  196  12:13  Marauder  
  180  12:18  Caduceus Reactor  
  180  12:19  Medivac x2  
  190  12:30  Command Center  
  190  12:32  Command Center  
  190  12:33  Terran Infantry Armor Level 3  
  193  12:37  Ghost x2  
  190  12:46  Liberator x2  
  190  12:51  Command Center  
  192  12:53  Command Center  
  192  13:01  Missile Turret  
  192  13:05  Missile Turret  
  192  13:07  Starport, Liberator x2  
  194  13:24  Missile Turret  
  187  13:43  Command Center  
  187  13:44  Marauder x2  
  187  13:45  Marauder  
  187  13:47  Marauder  
  173  13:50  Marine x3  
  173  13:51  Liberator x3  
  173  13:52  Liberator  
  173  13:53  Advanced Ballistics  
  184  13:57  Starport Reactor  
  184  13:58  Orbital Command x2  
  184  14:03  Ghost  
  184  14:05  Ghost  
  184  14:08  Ghost  
  193  14:13  Orbital Command  
  193  14:16  Ghost  
  196  14:19  Ghost  
  199  14:32  Ghost  
  199  14:35  Marauder  
  194  14:52  Marauder x3  
  184  14:54  Marine x2  
  184  14:55  Marine x2  
  184  14:56  Marine x2  
  184  14:59  SCV  
  188  15:00  SCV x3  
  188  15:01  Orbital Command  
  188  15:03  Missile Turret, SCV  
  188  15:04  SCV  
  190  15:10  Planetary Fortress  
  190  15:12  Neosteel Armor, Hi-Sec Auto Tracking  
  190  15:15  Liberator x2  
  190  15:18  Liberator x2  
  198  15:24  Sensor Tower  
  198  15:28  Sensor Tower, Personal Cloaking  
  200  15:29  Missile Turret  
  198  15:41  Marauder  
  198  15:42  Command Center  
  197  15:49  Ghost  
  168  15:50  Marauder, Ghost  
  168  15:52  Marauder  
  178  16:02  Ghost  
  186  16:04  Missile Turret  
  186  16:11  Ghost  
  186  16:13  Ghost  
  186  16:18  Ghost  
  187  16:19  Marauder  
  187  16:20  Command Center  
  192  16:31  Marauder, Missile Turret  
  191  16:33  Missile Turret  
  191  16:40  Marauder x2  
  195  17:01  Refinery x2  
  195  17:06  Command Center  
  195  17:12  Missile Turret  
  195  17:13  Missile Turret  
  195  17:14  Missile Turret  
  195  17:17  Missile Turret  
  195  17:23  Sensor Tower  
  195  17:36  Viking x2  
  199  17:57  Marine x2  
  200  18:05  Marine x3  
  196  18:15  Marine x2  
  196  18:16  Marine  
  196  18:17  Marine x5  
  194  18:22  Marine  
  194  18:23  Marine x2  
  193  18:28  Planetary Fortress  
  193  18:33  Marauder, Ghost Academy  
  195  18:35  Marauder x2  
  195  18:36  Armory  
  195  18:38  Armory  
  192  18:45  Marauder x2  
  196  18:57  Marauder, Missile Turret  
  196  18:58  Marauder  
  196  19:00  Missile Turret  
  196  19:01  Missile Turret  
  196  19:02  Missile Turret  
  198  19:04  Liberator  
  198  19:11  Missile Turret  
  198  19:18  Orbital Command  
  198  19:25  Missile Turret x2  
  198  19:31  Marauder x2  
  199  19:45  Missile Turret x2  
  198  19:46  Marauder  
  198  19:52  Nuke  
  198  20:06  Missile Turret  
  183  20:14  Marauder x4, Marine x4  
  183  20:15  Liberator x5  
  183  20:17  Marauder  
  183  20:19  Marine x2  
  186  20:27  Widow Mine  
  186  20:28  Widow Mine  
  177  20:32  Marine x4  
  180  20:35  Marauder x2  
  180  20:36  Marauder x2  
  180  20:38  Ghost  
  180  20:39  Refinery, Marine  
  180  20:40  Marine  
  180  20:41  Refinery, Command Center  
  170  20:50  Marine x3  
  170  20:56  Ghost, Widow Mine x2  
  175  20:57  Marauder x3  
  175  20:59  Marine x3  
  173  21:04  Orbital Command  
  173  21:07  Marauder  
  173  21:10  Marine x2  
  179  21:18  Marauder x2  
  179  21:19  Marauder  
  179  21:21  Viking x4  
  177  21:25  Marauder  
  177  21:26  Orbital Command  
  177  21:29  Marauder  
  157  21:37  Marine  
  157  21:38  Marine x2  
  157  21:39  Ghost x2  
  163  21:40  Marauder, Marine x2  
  163  21:47  Marauder, Marine  
  163  21:50  Marauder, Viking x2  
  163  21:52  Viking x2  
  169  21:55  Marine  
  166  22:01  Marauder  
  166  22:06  Marine x2  
  166  22:07  Marine x2  
  166  22:08  Marauder x3  
  173  22:11  Marauder, Marine  
  173  22:13  Marine  
  168  22:23  Marauder, Viking x6  
  168  22:24  Marine x2  
  168  22:25  Marine  
  168  22:26  Marine  
  168  22:29  Marauder, Marine  
  188  22:30  Marauder x2, Marine, SCV x2  
  188  22:33  Marauder  
  188  22:34  SCV x2  
  188  22:35  SCV x2  
  184  22:42  Marine x3  
  173  22:44  Marauder, Marine  
  173  22:47  Marine  
  173  22:48  Marine  
  173  22:51  Marauder x3  
  176  22:53  Viking  
  176  22:54  Marauder  
  176  22:58  Liberator x4  
  178  22:59  Marine x2  
  178  23:00  Marine  
  178  23:01  Liberator  
  178  23:02  Marine  
  199  23:05  Marauder  
  199  23:12  Marauder, Widow Mine  
  200  23:31  Planetary Fortress  
  200  23:40  Orbital Command  
  195  23:47  Marauder  
  199  23:56  Marine  
  185  24:03  Marine  
Show
View Real Time Build Order
Export as new Build Order

Harstem Protoss 

Build Orders: 1 Gate Expand, Phoenix Opening, Blink Stalkers, Colossus Rush 

Get SALT Encoding   

  12  0:00  Probe  
  13  0:12  Probe  
  14  0:16  Pylon  
  14  0:23  Probe  
  15  0:31  Probe  
  16  0:36  Gateway  
  16  0:39  Probe  
  16  0:46  Assimilator  
  17  0:51  Probe  
  18  1:03  Probe  
  19  1:15  Probe  
  20  1:20  Nexus  
  20  1:30  Cybernetics Core  
  20  1:33  Probe  
  20  1:38  Assimilator  
  21  1:45  Probe  
  22  1:48  Pylon  
  22  1:54  Stalker  
  22  1:57  Probe  
  23  2:05  Probe  
  23  2:07  Warp Gate  
  25  2:13  Probe  
  27  2:23  Sentry  
  27  2:24  Phoenix, Probe  
  30  2:32  Probe  
  30  2:36  Probe  
  32  2:42  Twilight Council  
  32  2:43  Stalker  
  32  2:44  Probe  
  32  2:48  Probe  
  36  2:56  Probe  
  36  2:57  Gateway  
  37  3:00  Probe, Blink  
  37  3:04  Gateway  
  38  3:08  Probe  
  38  3:12  Probe  
  40  3:19  Phoenix  
  40  3:21  Probe  
  40  3:24  Probe  
  40  3:25  Pylon  
  42  3:28  Assimilator  
  42  3:33  Probe  
  43  3:36  Probe  
  43  3:37  Robotics Facility  
  44  3:45  Probe  
  45  3:49  Probe  
  45  3:51  Phoenix  
  45  3:52  Pylon  
  45  3:55  Stalker  
  45  3:56  Stalker  
  49  4:03  Probe  
  49  4:04  Probe, Stalker  
  49  4:05  Pylon  
  53  4:15  Probe  
  53  4:16  Probe  
  55  4:21  Stalker  
  55  4:22  Assimilator  
  57  4:25  Stalker  
  57  4:27  Probe  
  57  4:28  Probe  
  57  4:29  Stalker  
  63  4:32  Observer  
  64  4:39  Probe  
  64  4:41  Probe  
  64  4:43  Pylon  
  66  4:46  Robotics Bay  
  66  4:48  Phoenix  
  66  4:57  Probe x2  
  62  5:05  Stalker x3  
  68  5:09  Pylon, Probe  
  68  5:12  Probe  
  70  5:20  Nexus  
  70  5:23  Pylon  
  70  5:24  Probe  
  70  5:26  Observer  
  72  5:29  Probe  
  73  5:42  Colossus  
  67  5:43  Probe  
  67  5:48  Stalker x3  
  68  5:55  Probe  
  74  5:58  Probe  
  74  6:03  Extended Thermal Lance  
  75  6:07  Probe  
  75  6:10  Probe  
  77  6:18  Forge  
  77  6:20  Probe  
  77  6:22  Colossus, Probe  
  77  6:24  Charge  
  77  6:25  Zealot  
  81  6:32  Probe  
  82  6:34  Probe  
  82  6:35  Pylon  
  82  6:39  Probe  
  90  6:46  Probe  
  91  6:47  Zealot x2  
  91  6:48  Probe  
  96  6:54  Stalker  
  96  6:58  Shield Battery  
  98  7:03  Protoss Ground Weapons Level 1  
  98  7:05  Colossus  
  98  7:12  Zealot x2  
  98  7:13  Observer, Probe  
  98  7:15  Pylon  
  103  7:27  Probe x2  
  103  7:28  Gateway  
  103  7:30  Gateway  
  103  7:32  Gateway  
  103  7:33  Sentry  
  103  7:34  Zealot  
  103  7:35  Gateway, Probe  
  108  7:41  Probe  
  108  7:42  Probe  
  110  7:49  Pylon, Warp Prism  
  110  7:50  Pylon  
  111  7:53  Probe  
  111  7:57  Probe  
  112  8:04  Gravitic Drive  
  113  8:11  Zealot x3  
  119  8:14  Nexus  
  119  8:21  Probe x2  
  119  8:22  Pylon  
  119  8:24  Probe  
  122  8:27  Stalker x2  
  122  8:28  Forge  
  122  8:29  Observer  
  122  8:33  Probe  
  127  8:34  Stalker x3  
  127  8:35  Observer  
  127  8:40  Colossus  
  133  8:44  Protoss Ground Weapons Level 2  
  133  8:47  Probe  
  134  8:52  Probe  
  134  8:54  Protoss Ground Armor Level 1, Probe  
  142  8:59  Probe  
  142  9:02  Stalker x2, Zealot  
  149  9:05  Pylon  
  149  9:08  Pylon  
  149  9:11  Observer  
  149  9:15  Gateway  
  149  9:18  Probe  
  149  9:20  Zealot  
  148  9:24  Disruptor  
  148  9:29  Observer  
  148  9:32  Zealot x3  
  148  9:33  Zealot  
  148  9:35  Nexus  
  148  9:37  Probe  
  160  9:40  Robotics Facility  
  159  9:51  Probe  
  159  9:55  Disruptor  
  159  9:56  Photon Cannon  
  159  9:57  Pylon  
  160  10:00  Gateway  
  164  10:12  Observer  
  164  10:18  Zealot x5  
  164  10:19  Zealot x3  
  164  10:21  Disruptor  
  179  10:26  Probe  
  168  10:29  Disruptor  
  168  10:33  Gravitic Boosters  
  161  10:39  Gateway  
  161  10:42  Probe  
  160  10:43  Stalker x4, Zealot  
  160  10:44  Gateway, Zealot x3  
  160  10:45  Protoss Ground Armor Level 2  
  160  10:46  Pylon  
  176  10:50  Probe x2  
  176  10:51  Probe  
  176  10:52  Pylon  
  176  10:54  Probe  
  181  10:59  Observer  
  181  11:00  Disruptor  
  181  11:04  Dark Shrine  
  184  11:06  Zealot x5  
  195  11:15  Nexus  
  195  11:18  Pylon  
  193  11:25  Protoss Ground Weapons Level 3  
  193  11:30  Zealot x4  
  199  11:35  Probe  
  199  11:38  Gateway  
  200  11:40  Gateway  
  200  11:41  Gateway  
  200  11:44  Gateway  
  200  11:57  Gateway  
  200  12:01  Gateway  
  194  12:03  Gateway, Pylon  
  160  12:16  Stalker x9  
  160  12:17  Stalker x2  
  168  12:25  Colossus  
  168  12:27  Probe  
  168  12:29  Assimilator  
  169  12:32  Probe  
  169  12:33  Zealot  
  169  12:34  Assimilator  
  169  12:35  Pylon  
  169  12:36  Probe  
  173  12:43  Zealot x9  
  173  12:44  Zealot  
  199  12:55  Probe  
  199  12:57  Assimilator  
  200  12:59  Dark Shrine  
  194  13:19  Stalker x6  
  197  13:40  Colossus  
  145  13:51  Zealot x5  
  145  13:52  Zealot x13  
  145  13:55  Probe  
  177  13:56  Probe, Protoss Ground Armor Level 3, Disruptor  
  177  13:58  Probe  
  177  14:00  Probe  
  177  14:01  Assimilator  
  185  14:05  Robotics Facility  
  185  14:06  Probe  
  185  14:10  Probe  
  185  14:13  Photon Cannon  
  185  14:14  Dark Templar  
  185  14:15  Photon Cannon  
  185  14:16  Probe, Assimilator  
  190  14:17  Sentry  
  190  14:18  Photon Cannon, Zealot x4  
  190  14:20  Pylon  
  200  14:29  Pylon  
  168  14:57  Zealot x17  
  168  14:58  Zealot  
  168  14:59  Protoss Shields Level 1  
  180  15:08  Probe x2  
  180  15:14  Photon Cannon  
  180  15:15  Probe  
  180  15:16  Pylon  
  180  15:17  Probe  
  180  15:20  Dark Templar x5  
  180  15:21  Dark Templar x2  
  196  15:23  Dark Templar  
  196  15:27  Nexus  
  196  15:28  Dark Templar  
  200  15:36  Observer  
  200  15:41  Dark Templar x2  
  190  15:49  Warp Prism  
  176  15:53  Observer  
  176  15:54  Dark Templar  
  166  15:57  Zealot x2  
  166  15:58  Zealot x12  
  195  16:06  Probe  
  195  16:08  Pylon  
  195  16:10  Assimilator  
  196  16:15  Assimilator  
  194  16:19  Stalker x3  
  194  16:22  Nexus  
  200  16:30  Stalker x8  
  200  16:33  Shadow Stride  
  200  16:44  Warp Prism x2  
  194  16:53  Zealot x5  
  194  16:54  Zealot x7  
  200  17:02  Protoss Shields Level 2  
  200  17:04  Probe  
  200  17:05  Probe  
  200  17:14  Observer  
  200  17:16  Templar Archives  
  200  17:28  Protoss Air Weapons Level 1  
  200  17:32  Observer  
  196  17:44  Dark Templar  
  196  17:58  Zealot x7  
  199  18:12  Pylon  
  197  18:14  Warp Prism  
  197  18:15  Warp Prism  
  197  18:17  Nexus  
  199  18:21  Probe  
  192  18:27  Pylon, Probe  
  192  18:31  Stargate  
  185  18:47  Dark Templar x2  
  185  18:48  Dark Templar  
  187  18:49  Photon Cannon  
  187  18:52  Photon Cannon  
  175  19:08  Disruptor  
  168  19:17  Probe x2  
  168  19:18  Disruptor x2  
  168  19:23  Probe  
  183  19:27  Fleet Beacon  
  183  19:29  Stargate  
  183  19:30  Stargate  
  173  19:43  Stalker x2  
  173  19:44  Colossus, Stalker x7  
  189  19:52  Probe  
  188  19:54  Stalker, Warp Prism  
  188  19:55  Zealot x4  
  191  20:01  Zealot x4  
  191  20:02  Disruptor  
  189  20:07  Stalker x2  
  189  20:08  Zealot x4  
  192  20:14  Zealot x3  
  170  20:23  Zealot x9  
  174  20:29  Colossus  
  174  20:35  Zealot x9  
  184  20:43  Observer  
  184  20:48  Zealot x9  
  186  20:50  Nexus  
  184  20:57  Colossus  
  184  20:58  Zealot x5  
  184  21:03  Observer  
  184  21:19  Zealot x7  
  184  21:20  Zealot x3  
  178  21:33  Stalker x6  
  178  21:35  Disruptor  
  190  21:45  Probe x3  
  179  21:49  Zealot x11  
  179  21:50  Zealot  
  179  21:53  Observer  
  194  22:10  Colossus  
  190  22:17  Stalker x4  
  168  22:33  Colossus  
  168  22:34  Zealot x11  
  148  22:49  Sentry  
  148  22:50  Zealot x6  
  152  22:57  Colossus, Zealot x7  
  152  22:58  Probe  
  158  23:02  Probe  
  161  23:09  Probe  
  159  23:18  Zealot x6  
  172  23:25  Sentry, Zealot x3  
  180  23:32  Stalker x2  
  173  23:46  Zealot x5  
  177  23:56  Stalker x3  
  166  24:05  Stalker x3  
Tags
 
Add a new tag
Caveats
  • Supply blocks, unpowered buildings, or Contaminate may cause inaccurate times.
  • Supply counts are checked every 10 seconds.